 Dungeon Crawl Stone Soup version 0.18-a0-596-g6468885 (webtiles) character file.

31 Raultor the Vexing (level 3, -2/24 HPs)
             Began as a Vampire Enchanter on Dec 3, 2015.
             Slain by an adder (4 damage)
             ... on level 2 of the Dungeon.
             The game lasted 00:04:54 (1108 turns).

Raultor the Vexing (Vampire Enchanter)              Turns: 1108, Time: 00:04:54

Health: -2/24      AC:  4    Str: 12    XL:     3   Next: 7%
Magic:  1/6        EV: 12    Int: 17    God:
Gold:   98         SH:  0    Dex: 15    Spells: 3 memorised, 0 levels left

rFire  . . .     SeeInvis +     a - +1 dagger
rCold  . . .     Clarity  .     b - +1 robe
rNeg   + . .     SustAt   .     (no shield)
rPois  .         Gourm    .     (no helmet)
rElec  .         Spirit   .     (no cloak)
rCorr  .         Dismiss  .     (no gloves)
rMut   .         Stasis   .     j - +0 pair of boots
MR     .....                    (no amulet)
Stlth  +++.......               (no ring)
                                h - +5 ring of strength (curse)

@: lethally poisoned (-2 -> -19), not resistant to hostile enchantments, fairly
stealthy
A: fangs 3, see invisible, unbreathing
a: Bat Form


You were on level 2 of the Dungeon.
You were not thirsty.

You visited 1 branch of the dungeon, and saw 2 of its levels.

You collected 98 gold pieces.

Inventory:

Hand Weapons
 a - a +1 dagger (weapon)
Armour
 b - a +1 robe (worn)
 j - a +0 pair of boots (worn)
   (You found it on level 1 of the Dungeon)
Jewellery
 h - a cursed +5 ring of strength (left hand)
   (You found it on level 1 of the Dungeon)
Scrolls
 e - 2 scrolls of magic mapping {unknown}
 g - 2 scrolls of teleportation {unknown}
 i - 2 scrolls of random uselessness {unknown}
 k - a scroll of recharging {unknown}
 l - a scroll of enchant weapon {unknown}
 m - a scroll of identify {unknown}
 n - a scroll of amnesia {unknown}
Potions
 d - 6 potions of blood {@q1}
Books
 c - a book of Maledictions
 o - a book of Transfigurations
   (You found it on level 2 of the Dungeon)


   Skills:
 - Level 2.1 Short Blades
 - Level 2.1 Dodging
 + Level 4.8 Stealth
 - Level 2.0 Spellcasting
 * Level 5.2 Hexes
 + Level 0.0 Ice Magic


You couldn't memorise any spells.
You knew the following spells:

 Your Spells              Type           Power        Failure   Level  Hunger
a - Ensorcelled Hibernat  Hex/Ice        ##....       12%         2    ###....
b - Tukima's Dance        Hex            ###.....     10%         3    ###....
v - Corona                Hex            ###....      2%          1    #......


Dungeon Overview and Level Annotations

Branches:
Dungeon (2/15)

Altars:


Innate Abilities, Weirdness & Mutations

You have razor-sharp teeth.
You have supernaturally acute eyesight.
You can survive without breathing.


Message History

You kill the adder!
A kobold comes into view. It is wielding a short sword.
The kobold shouts!
The kobold hits you but does no damage.
You hit the kobold. The kobold hits you with a short sword.
You take 1 damage, and have 18/19 hp.
You hit the kobold.
You kill the kobold!
You have reached level 3!
Your experience leads to an increase in your attributes!
Your base attributes are Str 7, Int 17, Dex 14.
Increase (S)trength, (I)ntelligence, or (D)exterity?
You feel agile.
You can now transform into a vampire bat.
You regained 4 hp, and now have 22/24 hp.
MP restored: 6
Things that are here:
a short sword; a kobold corpse You bottle the corpse's blood.
d - 6 potions of blood {@q1} (gained 1)
You see here a short sword.
You see here a meat ration {@e2}.
You now have 74 gold pieces (gained 11).
A bat comes into view.
Found a stone staircase leading down.
Health restored: 24 The helpless bat fails to defend itself.
You impale the bat!!
You kill the bat!
You now have 85 gold pieces (gained 11).
g - 2 scrolls labeled SAOZUAGE ECOT (gained 1)
There is a stone staircase leading down here.
A hobgoblin comes into view. It is wielding a club.
You see here a glowing inky potion.
Found a stone staircase leading up.
The helpless hobgoblin fails to defend itself.
You impale the hobgoblin!!
You kill the hobgoblin!
Memorise Tukima's Dance, consuming 3 spell levels and leaving 0?
You start memorising the spell.
You continue memorising.
You continue memorising. x2
You finish memorising.
Spell assigned to 'b'.
Things that are here:
a club; a hobgoblin corpse
p - a glowing inky potion
Things that are here:
a club; a hobgoblin corpse You now have 98 gold pieces (gained 13).
An adder comes into view.
The adder bites you.
You see here a scroll labeled USIADGH SIALIAMP.
You take 3 damage, and have 21/24 hp.
You hit the adder. The adder bites you.
You take 2 damage, and have 19/24 hp.
Aim: an adder (moderately wounded, chance to defeat MR: 50%)
The adder resists with some effort.
The adder bites you.
You take 1 damage, and have 18/24 hp.
You now have 4/6 mp.
Aim: an adder (moderately wounded, chance to defeat MR: 50%)
The adder resists with some effort.
The adder barely misses you.
You now have 2/6 mp.
Aim: an adder (moderately wounded, chance to defeat MR: 50%)
The adder resists with some effort.
The adder bites you but does no damage. The adder closely misses you.
You now have 0/6 mp.
You barely miss the adder. The adder barely misses you.
You hit the adder but do no damage. The adder barely misses you.
You barely miss the adder. The adder bites you.
You take 5 damage, and have 13/24 hp.
MASSIVE DAMAGE!!
You are too injured to fight recklessly!
You are too injured to fight recklessly!
You are too injured to fight recklessly!
You don't have enough magic at the moment.
You hit the adder. You bite the adder. The adder bites you.
You are poisoned.
The adder poisons you!
You take 2 damage, and have 11/24 hp.
Drink which item? (? for menu, Esc to quit)
It was a potion of poison.
That liquid tasted very nasty...
You are lethally poisoned!
You feel sick. The adder closely misses you. The adder completely misses you.
You take 2 damage, and have 9/24 hp.
Drink which item? (? for menu, Esc to quit)
It was a potion of cure mutation.
It has a very clean taste.
You feel sick. The adder bites you.
* * * LOW HITPOINT WARNING * * *
You take 4 damage, and have 5/24 hp.
You miss the adder. Your bite misses the adder.
* * * LOW HITPOINT WARNING * * *
You feel sick. The adder barely misses you.
You take 1 damage, and have 4/24 hp.
You hit the adder.
* * * LOW HITPOINT WARNING * * *
You feel sick. The adder bites you but does no damage.
You take 1 damage, and have 3/24 hp.
You completely miss the adder.
* * * LOW HITPOINT WARNING * * *
You feel sick. The adder bites you.
You die...

...$ ... ... #..
...# #.# ...
######.#####..##
#.....S........
#@##.##.#
##.......#
#...#.#..# ###
#.###..#.# ##.##
#.# ##...#
##.#.#### #.
#..## #.###....
#.# ##..#
##.#.####
#.###.#.# ##.##
#...##.# #.#


You could see an adder.

Vanquished Creatures
  An adder (D:2)
  A giant gecko (D:1)
  4 bats
  3 goblins (D:1)
  4 hobgoblins
  4 jackals (D:1)
  A kobold (D:2)
  2 rats (D:1)
20 creatures vanquished.

Notes
Turn   | Place    | Note
--------------------------------------------------------------
     0 | D:1      | Raultor the Vampire Enchanter began the quest for the Orb.
     0 | D:1      | Reached XP level 1. HP: 13/13 MP: 3/3
   446 | D:1      | Reached XP level 2. HP: 13/19 MP: 3/5
   644 | D:1      | Learned a level 2 spell: Ensorcelled Hibernation
   727 | D:1      | Reached skill level 5 in Hexes
   898 | D:2      | Reached skill level 2 in Short Blades
  1007 | D:2      | Reached XP level 3. HP: 22/24 MP: 6/6
  1072 | D:2      | Learned a level 3 spell: Tukima's Dance
  1105 | D:2      | HP: 5/24 [adder (3)]
  1108 | D:2      | HP: 2/24 [poison (a potion of poison)]
  1108 | D:2      | Slain by an adder

Vault maps used:
D:1:      noname_arrival_rooms_in_the_neighbourhood
D:2:      grunt_temple_overflow_open, first_bread, tso_altar

Action                   || total
-------------------------++-------
Melee: Dagger            ||    72
 Cast: Corona            ||     2
       Ensorcelled Hiber ||     3
  Use: Potion            ||     2
 Stab: Sleeping          ||     7
  Eat: Corpse            ||     1

Vault maps used:
D:1:      noname_arrival_rooms_in_the_neighbourhood
D:2:      grunt_temple_overflow_open, first_bread, tso_altar

Table legend:
 A = Turns spent in this place as a percentage of turns spent in the entire game.
 B = Non-inter-level travel turns spent in this place as a percentage of non-inter-level travel turns spent in the entire game.
 C = Inter-level travel turns spent in this place as a percentage of turns spent in this place.
 D = Turns resting spent in this place as a percentage of non-inter-level travel turns spent in this place.
 E = Turns spent auto-exploring this place as a percentage of non-inter-level travel turns spent in this place.
 F = Non-inter-level travel turns spent in this place divided by the number of levels of this place that you've seen.
                   A       B       C       D       E      F
               +-------+-------+-------+-------+-------+----------------------
         Total | 100.0 | 100.0 |   0.4 |   1.6 |  16.6 | 126.5
       Dungeon | 100.0 | 100.0 |   0.4 |   1.6 |  16.6 | 126.5
               +-------+-------+-------+-------+-------+----------------------

Table legend:
 A = Kills in this place as a percentage of kills in entire the game.
 B = Kills by you in this place as a percentage of kills by you in the entire game.
 C = Kills by friends in this place as a percentage of kills by friends in the entire game.
 D = Other kills in this place as a percentage of other kills in the entire game.
 E = Experience gained in this place as a percentage of experience gained in the entire game.
 F = Experience gained in this place divided by the number of levels of this place that you have seen.
                   A       B       C       D       E      F
               +-------+-------+-------+-------+-------+----------------------
         Total | 100.0 | 100.0 |  -nan |  -nan | 100.0 |  22.5
       Dungeon | 100.0 | 100.0 |  -nan |  -nan | 100.0 |  22.5
               +-------+-------+-------+-------+-------+----------------------
